 Dungeon Crawl Stone Soup version 0.29.1-13-g9f3cf754e1 (webtiles) character file.

Game seed: 9630743673874236572

2 Thatpatchoflichen the Trooper (level 1, -4/24 HPs)
             Began as an Ogre Fighter on Feb 1, 2023.
             Slain by Terence
             ... wielding a +0 falchion
              (5 damage)
             ... on level 2 of the Dungeon.
             The game lasted 00:00:49 (136 turns).

Thatpatchoflichen the Trooper (Ogre Fighter)         Turns: 136, Time: 00:00:50

Health: -4/24      AC:  3    Str: 19    XL:     1   Next: 40%
Magic:  1/1        EV:  8    Int:  9    God:
Gold:   14         SH:  7    Dex:  8    Spells: 0/0 levels left

rFire   . . .      SeeInvis .   a - +0 long sword
rCold   . . .      Faith    .   c - +0 kite shield
rNeg    . . .      Spirit   .   b - +0 robe
rPois   .          Reflect  .   (helmet restricted)
rElec   .          Harm     .   (no cloak)
rCorr   .          Rampage  .   (gloves unavailable)
Will    .....                   (boots unavailable)
Stlth   +.........              (no amulet)
HPRegen 0.08/turn               (no ring)
MPRegen 0.07/turn               (no ring)

@: no status effects
A: large, unfitting armour, tough skin 1
a: no special abilities


You were on level 2 of the Dungeon.
You visited 1 branch of the dungeon, and saw 2 of its levels.

You collected 14 gold pieces.

Inventory:

Hand Weapons
 a - a +0 long sword (weapon)
Armour
 b - a +0 robe (worn)
 c - a +0 kite shield (worn)
Scrolls
 e - a scroll of teleportation {unknown}
Potions
 d - a potion of might


   Skills:
 + Level 4.0 Fighting
 + Level 1.8 Long Blades
 + Level 2.7 Dodging
 + Level 3.0 Shields


You couldn't memorise any spells.
You didn't know any spells.
Your spell library was empty.

Dungeon Overview and Level Annotations

Branches:
Dungeon (1/15)

Altars:

Annotations:
D:2 Terence


Innate Abilities, Weirdness & Mutations

You are too large for most types of armour.
You have tough skin. (AC +1)


Message History

You see here a +0 pair of boots.
As you open the door, it creaks loudly!
Found a scroll labelled FIOF CEIXYFYUMEE.
There is an open door here.
e - a scroll labelled FIOF CEIXYFYUMEE You open the door.
Terence the Incautious comes into view.
He is wielding a +0 falchion.
Terence shouts!
Found 18 gold pieces.
Terence attacks as you move away! Terence hits you with a +0 falchion.
Terence attacks as you move away! Terence closely misses you.
Terence screams, "I want your blood!" Terence attacks as you move away!
Terence hits you with a +0 falchion.
Terence bares his teeth.
You hit Terence.
Terence is lightly wounded.
Terence barely misses you. Terence hits you with a +0 falchion.
You hit Terence.
Terence is moderately wounded.
Terence hits you with a +0 falchion.
You hit Terence but do no damage.
Terence is moderately wounded.
Terence barely misses you. Terence closely misses you.
You barely miss Terence.
Terence is moderately wounded.
Terence closely misses you.
You hit Terence but do no damage.
Terence is moderately wounded.
Terence hits you with a +0 falchion.
* * * LOW HITPOINT WARNING * * *
Terence hits you with a +0 falchion.
* * * LOW HITPOINT WARNING * * *
You hit Terence but do no damage.
Terence is moderately wounded.
Terence hits you with a +0 falchion.
* * * LOW HITPOINT WARNING * * *
You barely miss Terence.
Terence is moderately wounded.
Terence hits you with a +0 falchion.
You die...

# ##### #. #...# #.$ #...#
############# .... #...#
#...........# ..... #...#
#...........#
......#####...###...........#
......'.....@@'..[..........+
......#####...###...(.......#
..... #...# #...........#
.... ##### #...........# ...
#...........# ..
#...........# . #...........#
#####...##### #...#


You could see Terence.

Vanquished Creatures
  A goblin (D:1)
  A hobgoblin (D:2)
2 creatures vanquished.

Notes
Turn   | Place    | Note
-------+----------+-------------------------------------------
     0 | D:1      | Thatpatchoflichen the Ogre Fighter began the quest for the
                  | Orb.
     0 | D:1      | Reached XP level 1. HP: 24/24 MP: 1/1
    96 | D:1      | You fall into a shaft and drop 1 floor!
   123 | D:2      | Noticed Terence
   135 | D:2      | HP: 1/24 [Terence/+0 falchion (1)]
   136 | D:2      | Slain by Terence

Illustrated notes

Levels and vault maps discovered:
D:1:      dpeg_arrival_round_b, layout_loops_corners, serial_shops, shop
D:2:      layout_basic, hellmonk_ecumenical_altar_heavens_door, uniq_terence,
          uniq_natasha

Action                   || total
-------------------------++-------
Melee: Long sword        ||    12
Armor: Robe              ||     2
Dodge: Dodged            ||     6
Block: Kite shield       ||     2
